 Dungeon Crawl Stone Soup version 0.30.0-16-gbe6223bb7e (webtiles) character file.

Game seed: 15998891231965088990

10 croobank the Sneak (level 2, 0/25 HPs)
             Began as a Demigod Delver on May 21, 2023.
             Succumbed to an adder's poison
             ... on level 2 of the Dungeon.
             The game lasted 00:04:48 (388 turns).

croobank the Sneak (Demigod Delver)                  Turns: 388, Time: 00:04:49

Health: 0/25       AC:  4    Str: 13    XL:     2   Next: 0%
Magic:  4/4        EV: 12    Int: 12    God:
Gold:   21         SH:  0    Dex: 15    Spells: 1/1 levels left

rFire   . . .        a - +0 hand axe
rCold   . . .        (no shield)
rNeg    . . .        b - +0 leather armour
rPois   .            (no helmet)
rElec   .            h - +0 cloak
rCorr   .            (no gloves)
SInv    .            (no boots)
Will    .....        (no amulet)
Stlth   +++          (no ring)
HPRegen 0.24/turn    (no ring)
MPRegen 0.09/turn

%: no passive effects
@: lethally poisoned (0 -> -2), hasted, very quick
A: high MP 1, forlorn, divine attributes
a: no special abilities


You were on level 2 of the Dungeon.
You visited 1 branch of the dungeon, and saw 5 of its levels.

You collected 21 gold pieces.

Inventory:

Hand Weapons
 a - a +0 hand axe (weapon)
 l - a +0 heavy spear
 m - a +0 sling
Armour
 b - a +0 leather armour (worn)
 h - a +0 cloak (worn)
Magical Staves
 e - the staff of earth "Sibig" {rF+ rC+}
   (You acquired it on level 2 of the Dungeon)

   [staff of earth]

   Base accuracy: +5 Base damage: 5 Base attack delay: 1.2 This weapon's minimum
   attack delay (0.6) is reached at skill level 12.
   rF:        It protects you from fire.
   rC:        It protects you from cold.
   It falls into the 'Staves' category.
   It is a one-handed weapon.
Wands
 g - a wand of digging (2)
Scrolls
 c - a scroll of fog
 d - a scroll of magic mapping
 i - a scroll of acquirement
 j - 2 scrolls of enchant weapon {unknown}
 k - 2 scrolls of teleportation {unknown}


   Skills:
 + Level 2.8 Fighting
 + Level 2.0 Axes
 + Level 2.0 Dodging
 + Level 4.6 Stealth


You had one spell level left.
You didn't know any spells.
Your spell library was empty.

Dungeon Overview and Level Annotations

Branches:
Dungeon (6/15)
 Temple: D:4-7

Annotations:
D:4 !Pikel
D:5 Edmund


Innate Abilities, Weirdness & Mutations

You have an increased reservoir of magic. (+10% MP)
You shall have no god before yourself.
Your divine heritage dramatically boosts your attributes as you level up.


Message History

You barely miss the adder.
The adder is heavily wounded.
You feel sick. The adder bites you. x2
You are more poisoned.
The adder poisons you!
You closely miss the adder.
The adder is heavily wounded.
You feel very sick. The adder bites you but does no damage.
The adder closely misses you.
You barely miss the adder.
The adder is heavily wounded.
You feel sick. The adder closely misses you.
You miss the adder.
The adder is heavily wounded.
You feel sick. The adder bites you. The adder closely misses you.
You miss the adder.
The adder is heavily wounded.
You feel sick. The adder bites you.
You hit the adder.
The adder is severely wounded.
You feel sick. The adder bites you.
* * * LOW HITPOINT WARNING * * *
You are lethally poisoned!
The adder poisons you! The adder closely misses you.
Okay, then.
As you read the scroll of fear, it crumbles to dust.
You assume a fearsome visage.
The adder looks frightened!
* * * LOW HITPOINT WARNING * * *
You feel sick.
You feel yourself speed up.
* * * LOW HITPOINT WARNING * * *
You feel sick.
* * * LOW HITPOINT WARNING * * *
You feel sick.
This is a scroll of acquirement!
Something appears at your feet!
e - the staff of earth "Sibig" {rF+ rC+}
* * * LOW HITPOINT WARNING * * *
You feel sick.
You die...

>......S..##
...........
..........#
..........#
..........#
..........#
........:.#
..........#.###
.......@.......
####.......####
#.#.#.### #...
.# #... .# ....
## ..### #..


There were no monsters in sight!

Vanquished Creatures
  A dart slug (D:3)
  2 bats (D:3)
  An endoplasm (D:3)
  A hobgoblin (D:3)
  A ball python (D:3)
  A goblin (D:4)
  A rat (D:3)
8 creatures vanquished.

Notes
Turn   | Place    | Note
-------+----------+-------------------------------------------
     0 | D:5      | croobank the Demigod Delver began the quest for the Orb.
     0 | D:5      | Reached XP level 1. HP: 18/18 MP: 3/3
     1 | D:6      | Noticed an orc wizard
     2 | D:6      | Noticed a hound
    14 | D:5      | Noticed Edmund
    29 | D:5      | Noticed an iguana
    65 | D:5      | Noticed an iguana
    79 | D:5      | Noticed an iguana
   127 | D:4      | Noticed a lemure
   219 | D:3      | Noticed an orc wizard
   322 | D:3      | Reached XP level 2. HP: 19/25 MP: 4/4
   385 | D:2      | HP: 1/25 [poisoned by an adder]
   386 | D:2      | Identified 2 scrolls of acquirement
   386 | D:2      | Acquired the staff of earth "Sibig" {rF+ rC+}
   388 | D:2      | Succumbed to an adder's poison

Illustrated notes

Levels and vault maps discovered:
D:2:      minmay_door_path, layout_rooms, due_unseen_surprise
D:3:      minmay_skewed_foursquare, layout_basic, ebering_ghost_sewer_d,
          minmay_lizard_king
D:4:      layout_cave_pools, uniq_pikel, uniq_natasha
D:5:      layout_loops_corners, ebering_ghost_rock_garden, nrook_pool_corridor,
          uniq_menkaure, uniq_eustachio, uniq_edmund
D:6:      layout_rooms, minmay_temple_entry_overgrown, serial_aquarium,
          aquarium_bridge_long_joined [aquarium_subvault_bridge,
          aquarium_subvault_window, aquarium_subvault_wall,
          aquarium_subvault_balcony, aquarium_subvault_window,
          aquarium_subvault_balcony], aquarium_window_fake,
          aquarium_window_fake, aquarium_window_1, aquarium_window_corridor_1,
          aquarium_view_2c, aquarium_balcony_double_3, aquarium_pool_five

Skill      XL: |  1 |
---------------+----+-----
Axes           | 2 |  2.0
Dodging        | 2 |  2.0
Fighting       | |  2.8
Stealth        | |  4.6

Action                     || total
---------------------------++-------
  Melee: Hand axe          ||    28
  Evoke: Wand              ||     1
    Use: Scroll            ||     3
         Potion            ||     1
   Stab: Sleeping          ||     3
         Distracted        ||     1
 Armour: Leather armour    ||    11
  Dodge: Dodged            ||    17
